Map: Washout LE

Players

Harkon

  • Race: Protoss Protoss
  • League: Master
  • Spawn Location: 1:00

RipNHammer - Winner!

  • Race: Terran Terran
  • League: Master
  • Spawn Location: 7:00

VOD

Have the link to the VOD?

Description

Time

  • Played on: Sept. 7, 2026, 2:19 p.m.
  • Length: 13:53
Show
View Real Time Build Order
Export as new Build Order

Harkon Protoss 

Build Orders:  

Get SALT Encoding   

  8  0:00  Probe  
  9  0:12  Probe  
  10  0:24  Probe  
  11  0:36  Probe  
  11  0:40  Pylon  
  12  0:49  Probe  
  13  1:01  Probe (Chrono Boost)  
  13  1:02  Gateway  
  14  1:13  Probe (Chrono Boost), Pylon  
  15  1:20  Probe (Chrono Boost)  
  16  1:27  Probe  
  16  1:30  Assimilator  
  17  1:39  Probe (Chrono Boost)  
  18  1:49  Probe (Chrono Boost)  
  18  1:50  Cybernetics Core  
  19  1:54  Probe (Chrono Boost)  
  20  2:02  Gateway  
  20  2:05  Probe  
  21  2:09  Zealot  
  23  2:18  Probe  
  24  2:26  Warp Gate  
  24  2:30  Probe  
  24  2:35  Assimilator  
  24  2:36  Stalker  
  27  2:42  Probe  
  28  2:58  Stalker  
  29  3:12  Pylon  
  29  3:17  Gateway  
  29  3:18  Gateway  
  29  3:26  Pylon  
  29  3:30  Probe  
  29  3:33  Twilight Council  
  30  3:46  Probe  
  31  3:58  Nexus  
  31  4:01  Probe  
  32  4:14  Probe  
  33  4:20  Stalker  
  35  4:30  Probe, Charge (Chrono Boost)  
  36  4:40  Sentry x2  
  36  4:41  Zealot  
  36  4:42  Probe  
  43  4:47  Zealot  
  43  4:51  Pylon  
  45  5:05  Pylon  
  45  5:09  Probe  
  46  5:18  Stalker x2  
  49  5:28  Probe  
  49  5:32  Probe  
  51  5:41  Zealot x4  
  59  5:43  Probe  
  59  5:45  Probe  
  52  6:15  Zealot x4  
  52  6:16  Probe x2  
  60  6:28  Probe  
  60  6:29  Probe  
  54  6:40  Probe  
  53  6:48  Probe  
  53  6:49  Nexus  
  53  6:52  Pylon  
  53  6:53  Probe, Zealot x3  
  53  6:54  Zealot  
  63  7:00  Probe, Blink (Chrono Boost)  
  64  7:05  Probe  
  65  7:12  Probe  
  64  7:23  Probe  
  64  7:24  Probe  
  64  7:28  Assimilator  
  66  7:30  Assimilator  
  66  7:31  Pylon  
  66  7:34  Gateway x2  
  66  7:35  Gateway, Probe  
  66  7:36  Probe  
  68  7:40  Robotics Facility  
  68  7:42  Pylon  
  68  7:48  Probe x2  
  70  7:52  Sentry, Zealot  
  70  7:54  Zealot  
  70  7:55  Sentry  
  78  8:00  Probe x2  
  80  8:12  Probe  
  77  8:23  Zealot x4  
  77  8:24  Nexus  
  83  8:27  Gateway  
  83  8:30  Probe x3  
  86  8:42  Probe x2  
  86  8:43  Probe, Robotics Bay  
  89  8:54  Probe  
  90  8:56  Stalker x3  
  90  8:57  Zealot  
  87  9:03  Probe  
  87  9:06  Probe  
  88  9:16  Zealot x3  
  88  9:19  Zealot x3  
  88  9:20  Zealot  
  88  9:22  Probe  
  95  9:42  Stalker x5  
  105  9:49  Probe x3  
  108  10:01  Probe  
  108  10:05  Probe x2  
  111  10:16  Pylon  
  111  10:18  Forge  
  111  10:33  Colossus  
  111  10:34  Probe x2  
  119  10:36  Nexus  
  119  10:38  Pylon  
  119  10:39  Pylon  
  119  10:41  Pylon  
  119  10:43  Pylon  
  119  10:45  Pylon  
  119  10:48  Probe  
  114  10:57  Protoss Ground Weapons Level 1 (Chrono Boost), Probe x2  
  114  11:00  Probe  
  114  11:01  Stalker x3  
  123  11:09  Probe x2  
  125  11:12  Probe  
  126  11:21  Probe  
  126  11:22  Probe  
  126  11:24  Probe  
  114  11:32  Stalker x8  
  113  11:33  Probe  
  104  11:59  Probe x3  
  96  12:13  Probe x3  
  96  12:15  Sentry, Zealot x7  
  113  12:25  Probe x3  
  116  12:31  Dark Shrine  
  116  12:37  Probe  
  116  12:42  Assimilator  
  117  12:44  Stalker x2  
  117  12:45  Stalker x5  
  120  13:00  Probe x2  
  120  13:01  Probe  
  123  13:09  Zealot x6  
  123  13:10  Zealot  
  137  13:13  Sentry  
  137  13:14  Probe x2  
  137  13:15  Probe  
  64  13:47  Stalker x7  
  64  13:48  Stalker  
Show
View Real Time Build Order
Export as new Build Order

RipNHammer Terran - Winner!

Build Orders: Reaper Expand 

Get SALT Encoding   

  8  0:07  SCV  
  9  0:19  SCV  
  10  0:31  SCV  
  11  0:38  Supply Depot  
  11  0:43  SCV  
  12  0:55  SCV  
  13  1:01  Barracks  
  13  1:07  SCV  
  13  1:10  Refinery  
  14  1:19  SCV  
  15  1:31  SCV  
  16  1:44  SCV  
  17  1:53  Reaper  
  18  1:56  Orbital Command  
  18  2:11  Supply Depot  
  18  2:16  Command Center  
  18  2:21  SCV  
  19  2:31  Bunker  
  19  2:38  Supply Depot  
  19  2:45  SCV  
  20  2:55  Marine  
  21  2:59  SCV  
  22  3:05  Barracks  
  22  3:11  SCV  
  23  3:20  Barracks Reactor  
  23  3:23  SCV  
  23  3:26  Barracks  
  24  3:29  Orbital Command  
  24  3:35  SCV  
  24  3:37  Refinery  
  25  3:48  Factory  
  25  3:52  Barracks Tech Lab  
  25  3:56  SCV  
  25  3:58  SCV, Marine x2  
  29  4:12  SCV  
  29  4:13  Marauder  
  29  4:16  SCV, Marine  
  34  4:18  Marine  
  34  4:22  Barracks Tech Lab  
  34  4:24  SCV  
  36  4:26  Stimpack  
  36  4:34  Supply Depot, Marauder  
  38  4:42  Concussive Shells, Marauder  
  38  4:43  SCV  
  41  4:45  Factory Reactor  
  41  4:55  Starport  
  41  4:56  Marine x2  
  41  4:59  Marauder  
  45  5:03  Supply Depot  
  45  5:04  Supply Depot  
  45  5:12  Marauder  
  45  5:13  SCV  
  48  5:16  Marine x2  
  50  5:27  Combat Shield  
  50  5:30  Marauder  
  50  5:33  Marine  
  50  5:34  Orbital Command  
  53  5:43  Marine  
  54  5:51  Marauder  
  53  6:02  Marine x2  
  53  6:03  Medivac  
  54  6:13  Marauder  
  54  6:19  Medivac  
  54  6:20  Marine x2  
  54  6:22  SCV  
  54  6:23  SCV  
  60  6:32  Bunker  
  60  6:34  Marauder  
  60  6:37  Supply Depot  
  60  6:38  SCV x2  
  56  6:44  Marine  
  56  6:45  Marine x2  
  56  6:46  Siege Tank  
  61  6:52  SCV x2  
  63  6:54  Bunker  
  63  6:55  Marauder  
  65  7:02  Refinery, Marine  
  65  7:06  Supply Depot  
  65  7:07  Refinery  
  66  7:09  Supply Depot  
  65  7:23  SCV x2, Engineering Bay  
  65  7:24  Marine x2  
  70  7:30  Medivac, Marine  
  70  7:32  Barracks Reactor  
  70  7:35  SCV  
  70  7:36  Barracks  
  73  7:44  Marine  
  73  7:45  Engineering Bay  
  73  7:46  Marine  
  73  7:49  SCV  
  76  7:51  SCV  
  77  8:01  Terran Infantry Weapons Level 1  
  77  8:03  SCV  
  77  8:04  SCV  
  78  8:15  SCV  
  78  8:16  SCV  
  80  8:21  Marine x2  
  80  8:22  Marauder  
  80  8:23  Marine x2  
  80  8:26  Barracks Reactor, Widow Mine, Medivac  
  90  8:33  Supply Depot  
  90  8:35  SCV  
  90  8:36  Armory  
  90  8:39  Marine x2  
  90  8:40  Medivac, SCV  
  96  8:43  Marauder  
  98  8:48  Barracks  
  98  8:55  SCV x2, Widow Mine  
  102  9:00  Marine x2  
  102  9:01  Marine  
  105  9:05  Supply Depot  
  105  9:07  SCV  
  106  9:23  Supply Depot  
  106  9:24  Marine x3, SCV x2, Marauder  
  106  9:28  Command Center  
  110  9:36  SCV x2  
  103  9:42  Marine x2  
  103  9:43  Medivac x2, Widow Mine  
  105  9:46  Marauder, Drilling Claws  
  105  9:48  Barracks Tech Lab  
  105  9:51  Marine x2  
  105  9:52  Barracks  
  109  9:53  SCV  
  109  9:55  Terran Infantry Armor Level 1  
  110  10:00  Supply Depot  
  110  10:04  Marine  
  111  10:07  Marauder  
  111  10:11  SCV  
  111  10:12  Marine x2  
  111  10:13  Marauder, Marine  
  119  10:16  SCV  
  120  10:23  SCV  
  120  10:25  Missile Turret  
  121  10:30  Marine  
  121  10:31  Marine x3, Marauder  
  121  10:33  Widow Mine  
  129  10:36  Marine  
  130  10:44  Marine  
  130  10:45  Marine, Marauder  
  134  10:55  Marine x3  
  134  10:56  Marauder, Widow Mine  
  136  11:16  Marine x2  
  136  11:17  Marine, Marauder x2, Medivac  
  136  11:18  SCV x2  
  140  11:36  Terran Infantry Weapons Level 2  
  140  11:37  Marine x2  
  140  11:38  Marine, Marauder, Barracks Tech Lab  
  140  11:39  Marauder  
  141  11:42  Marine  
  141  11:43  Widow Mine, SCV  
  138  11:59  Marauder  
  139  12:01  Marine  
  139  12:02  Marine x2, Marauder x2  
  139  12:07  Marine  
  139  12:08  Marine  
  142  12:12  Widow Mine, Viking x2  
  137  12:21  Marauder  
  139  12:23  Marauder  
  139  12:27  Planetary Fortress  
  141  12:30  Marine x3, Marauder  
  145  12:42  Marauder  
  141  12:44  Marine x2  
  141  12:45  Marauder, Viking  
  141  12:50  Supply Depot  
  144  12:52  Marauder  
  133  12:59  Marine x3  
  133  13:04  Marauder  
  137  13:06  Missile Turret, Marauder  
  137  13:07  Supply Depot  
  137  13:09  Marine x2  
  141  13:13  Marauder  
  141  13:14  Marine  
  141  13:16  SCV  
  141  13:17  Marine  
  146  13:25  Marauder  
  142  13:32  Marine  
  132  13:51  Refinery  
Tags
 
Matchup
PvT
Replay Pack
RipNHammer
Spawn Locations
Cross Positions
Add a new tag
Caveats
  • Supply blocks, unpowered buildings, or Contaminate may cause inaccurate times.
  • Supply counts are checked every 10 seconds.